General information
- name: BNet
- type: Ladder team game (AT/RT)
- host: Battle.net
- saver: bearand
map: SunrockCove
- players: 6
- length: 22:22
- speed: Fast
- version: 1.27 W3XP
- replay type:

» download(185 KB)
Players
team 1 (winner)
bearand (
orange | 131 APM | 2933 actions | 22:22)
5 Blademaster
2 Wind Walk
2 Critical Strike
1 Bladestorm
» actions
| Assign group hotkey | 18 | |
| Basic commands | 2 | |
| Build / train | 80 | |
| Enter build submenu | 52 | |
| Enter hero's abilities submenu | 6 | |
| Give item / drop item | 3 | |
| Remove unit from queue | 5 | |
| Right click | 2019 | |
| Select / deselect | 262 | |
| Select group hotkey | 308 | |
| Use ability | 178 | |
2933 total
» units
» upgrades
| Liquid Fire | 1 | |
| Reinforced Defenses | 1 | |
| Ranged Weapons | 3 | |
| Armor | 1 | |
6 total
» buildings
| Altar of Storms | 1 | |
| Orc Burrow | 4 | |
| Voodoo Lounge | 4 | |
| War Mill | 1 | |
| Watch Tower | 54 | |
| Stronghold | 5 | |
| Beastiary | 2 | |
| Fortress | 3 | |
| Great Hall | 1 | |
75 total
» build order
00:12 Altar of Storms
00:19 Orc Burrow
00:34 Voodoo Lounge
00:45 War Mill
02:01 Watch Tower
02:27 Watch Tower
03:25 Watch Tower
03:27 Watch Tower
03:27 Stronghold
03:27 Stronghold
03:28 Stronghold
03:48 Watch Tower
03:51 Watch Tower
04:36 Orc Burrow
05:25 Watch Tower
05:27 Watch Tower
05:48 Orc Burrow
05:51 Beastiary
05:54 Beastiary
06:12 Watch Tower
06:13 Watch Tower
06:58 Voodoo Lounge
07:05 Voodoo Lounge
07:29 Fortress
07:29 Fortress
07:43 Watch Tower
07:44 Watch Tower
08:26 Watch Tower
08:27 Watch Tower
09:11 Orc Burrow
09:49 Watch Tower
09:50 Watch Tower
10:21 Voodoo Lounge
11:20 Great Hall
11:24 Watch Tower
11:25 Watch Tower
11:26 Watch Tower
11:26 Watch Tower
11:27 Watch Tower
11:28 Watch Tower
11:29 Watch Tower
11:29 Watch Tower
11:30 Watch Tower
11:31 Watch Tower
11:32 Watch Tower
11:32 Watch Tower
12:40 Watch Tower
13:34 Watch Tower
13:37 Watch Tower
14:11 Watch Tower
14:39 Watch Tower
14:40 Watch Tower
16:27 Watch Tower
16:28 Watch Tower
16:31 Watch Tower
16:31 Watch Tower
16:35 Watch Tower
16:36 Watch Tower
16:36 Watch Tower
17:26 Watch Tower
17:26 Watch Tower
17:27 Watch Tower
17:27 Watch Tower
17:30 Watch Tower
17:31 Watch Tower
17:32 Watch Tower
17:59 Watch Tower
18:00 Watch Tower
18:01 Watch Tower
18:01 Watch Tower
18:04 Watch Tower
18:04 Watch Tower
» items
| Healing Salve | 2 | |
| Lesser Clarity Potion | 6 | |
| Boots of Speed | 1 | |
| Staff of Teleportation | 1 | |
| Orb of Lightning | 1 | |
11 total
iggy_the_fisk (
red | 129 APM | 2885 actions | 22:22)
4 Mountain King
2 Storm Bolt
2 Bash
3 Paladin
2 Holy Light
1 Divine Shield
» actions
| Assign group hotkey | 497 | |
| Basic commands | 28 | |
| Build / train | 116 | |
| Enter build submenu | 108 | |
| Enter hero's abilities submenu | 7 | |
| Give item / drop item | 10 | |
| Remove unit from queue | 1 | |
| Right click | 1062 | |
| Select / deselect | 388 | |
| Select group hotkey | 456 | |
| Use ability | 212 | |
2885 total
» units
| Peasant | 24 | |
| Goblin Zeppelin | 1 | |
25 total
» upgrades
| Masonry | 3 | |
| Magic Sentry | 1 | |
| Lumber Harvesting | 2 | |
6 total
» buildings
| Altar of Kings | 1 | |
| Farm | 6 | |
| Scout Tower | 104 | |
| Lumber Mill | 1 | |
| Arcane Tower | 9 | |
| Guard Tower | 45 | |
| Keep | 1 | |
| Arcane Vault | 4 | |
| Town Hall | 2 | |
| Arcane Sanctum | 3 | |
| Castle | 1 | |
177 total
» build order
00:07 Altar of Kings
00:19 Farm
00:56 Scout Tower
01:01 Scout Tower
01:02 Scout Tower
01:06 Lumber Mill
01:18 Farm
01:26 Scout Tower
01:30 Arcane Tower
01:50 Arcane Tower
01:54 Scout Tower
01:59 Scout Tower
02:09 Guard Tower
02:09 Guard Tower
02:09 Guard Tower
02:15 Guard Tower
02:25 Guard Tower
02:26 Scout Tower
02:29 Scout Tower
02:58 Guard Tower
02:59 Scout Tower
03:15 Keep
03:17 Scout Tower
03:19 Guard Tower
03:22 Scout Tower
03:24 Scout Tower
03:25 Scout Tower
03:32 Guard Tower
03:41 Scout Tower
03:51 Arcane Tower
04:09 Guard Tower
04:25 Guard Tower
04:32 Arcane Vault
04:35 Guard Tower
04:39 Scout Tower
04:40 Scout Tower
05:09 Guard Tower
05:12 Scout Tower
05:13 Scout Tower
05:17 Farm
05:33 Guard Tower
05:45 Scout Tower
05:46 Scout Tower
05:47 Scout Tower
06:22 Scout Tower
06:38 Town Hall
06:39 Scout Tower
06:42 Scout Tower
06:43 Scout Tower
06:45 Scout Tower
07:06 Arcane Sanctum
07:08 Arcane Sanctum
07:13 Arcane Tower
07:14 Scout Tower
07:16 Scout Tower
07:17 Guard Tower
07:17 Guard Tower
07:31 Scout Tower
07:36 Guard Tower
07:42 Guard Tower
08:12 Arcane Sanctum
08:51 Guard Tower
09:52 Castle
09:56 Scout Tower
09:56 Scout Tower
10:01 Scout Tower
10:02 Scout Tower
10:03 Scout Tower
10:04 Scout Tower
11:03 Scout Tower
11:04 Scout Tower
11:07 Scout Tower
11:08 Scout Tower
11:08 Scout Tower
11:10 Arcane Tower
11:11 Guard Tower
11:14 Guard Tower
11:30 Scout Tower
11:45 Guard Tower
11:48 Town Hall
11:49 Guard Tower
11:50 Scout Tower
11:51 Scout Tower
12:13 Guard Tower
12:19 Scout Tower
12:19 Scout Tower
12:31 Farm
12:31 Farm
12:50 Guard Tower
12:54 Arcane Tower
12:54 Guard Tower
12:56 Scout Tower
12:57 Scout Tower
12:58 Scout Tower
13:20 Guard Tower
13:22 Scout Tower
13:25 Scout Tower
13:26 Scout Tower
13:27 Scout Tower
13:29 Scout Tower
13:30 Scout Tower
13:32 Scout Tower
13:33 Scout Tower
13:34 Scout Tower
13:35 Scout Tower
13:36 Scout Tower
13:36 Scout Tower
13:47 Guard Tower
13:50 Scout Tower
13:50 Scout Tower
13:52 Scout Tower
13:55 Guard Tower
13:57 Scout Tower
14:01 Guard Tower
14:05 Arcane Vault
14:09 Scout Tower
14:09 Scout Tower
14:21 Guard Tower
15:28 Scout Tower
15:35 Scout Tower
16:07 Guard Tower
16:08 Scout Tower
16:28 Scout Tower
16:29 Scout Tower
16:59 Guard Tower
17:01 Scout Tower
17:02 Scout Tower
17:04 Arcane Tower
17:05 Guard Tower
17:06 Scout Tower
17:07 Scout Tower
17:13 Arcane Vault
17:15 Scout Tower
17:17 Scout Tower
17:18 Scout Tower
17:19 Scout Tower
17:19 Scout Tower
17:20 Scout Tower
17:22 Guard Tower
17:26 Scout Tower
17:28 Scout Tower
17:29 Scout Tower
17:30 Scout Tower
17:35 Guard Tower
17:41 Scout Tower
17:45 Scout Tower
17:47 Scout Tower
17:47 Scout Tower
18:12 Scout Tower
18:14 Scout Tower
18:15 Guard Tower
18:20 Scout Tower
18:21 Scout Tower
18:22 Guard Tower
18:29 Scout Tower
18:30 Scout Tower
18:31 Scout Tower
18:39 Arcane Tower
18:41 Guard Tower
18:45 Arcane Tower
18:46 Guard Tower
18:50 Scout Tower
18:51 Scout Tower
19:11 Guard Tower
19:14 Farm
19:18 Guard Tower
19:21 Scout Tower
19:22 Scout Tower
19:27 Guard Tower
19:31 Scout Tower
19:35 Scout Tower
19:55 Guard Tower
20:07 Scout Tower
20:23 Guard Tower
20:49 Guard Tower
20:57 Arcane Vault
21:02 Scout Tower
» items
| Boots of Speed | 2 | |
| Staff of Teleportation | 2 | |
| Lesser Clarity Potion | 5 | |
| Scroll of Regeneration | 2 | |
| Staff of Sanctuary | 2 | |
| Orb of Lightning | 2 | |
| Healing Salve | 1 | |
16 total
interrobang (
teal | 113 APM | 2532 actions | 22:22)
3 Warden
2 Shadow Strike
1 Blink
2 Pandaren Brewmaster
1 Breath of Fire
1 Drunken Haze
» actions
| Assign group hotkey | 99 | |
| Basic commands | 24 | |
| Build / train | 69 | |
| Enter build submenu | 13 | |
| Enter hero's abilities submenu | 5 | |
| Give item / drop item | 11 | |
| Remove unit from queue | 1 | |
| Right click | 1564 | |
| Select / deselect | 316 | |
| Select group hotkey | 336 | |
| Use ability | 94 | |
2532 total
» units
» upgrades
| Well Spring | 1 | |
| Strength of the Wild | 3 | |
| Reinforced Hides | 2 | |
6 total
» buildings
| Altar of Elders | 1 | |
| Moon Well | 5 | |
| Tree of Ages | 2 | |
| Tree of Eternity | 2 | |
| Hunter's Hall | 1 | |
| Tree of Life | 1 | |
| Ancient of Wonders | 1 | |
| Ancient of Wind | 1 | |
| Chimaera Roost | 2 | |
16 total
» build order
00:03 Altar of Elders
00:10 Moon Well
00:50 Moon Well
05:16 Tree of Ages
05:16 Tree of Ages
07:13 Moon Well
07:25 Moon Well
08:49 Tree of Eternity
08:49 Tree of Eternity
11:04 Hunter's Hall
11:19 Tree of Life
12:11 Ancient of Wonders
13:12 Ancient of Wind
17:14 Chimaera Roost
17:18 Chimaera Roost
18:26 Moon Well
» items
| Healing Salve | 2 | |
| Lesser Clarity Potion | 4 | |
| Boots of Speed | 2 | |
| Staff of Teleportation | 2 | |
| Staff of Sanctuary | 1 | |
| Staff of Preservation | 1 | |
| Orb of Venom | 1 | |
| Orb of Lightning | 1 | |
14 total
team 2 (loser)

»
izilife (
yellow | 108 APM | 2414 actions | 22:21)
5 Blademaster
2 Mirror Image
2 Critical Strike
1 Wind Walk
» actions
| Assign group hotkey | 25 | |
| Build / train | 49 | |
| ESC pressed | 2 | |
| Enter build submenu | 17 | |
| Enter hero's abilities submenu | 4 | |
| Remove unit from queue | 3 | |
| Right click | 1409 | |
| Select / deselect | 210 | |
| Select group hotkey | 672 | |
| Use ability | 23 | |
2414 total
» units
| Peon | 6 | |
| Grunt | 13 | |
| Shaman | 5 | |
| Troll Witch Doctor | 3 | |
| Kodo Beast | 1 | |
28 total
» upgrades
| Melee Weapons | 1 | |
| Armor | 2 | |
| Shaman Training | 2 | |
| Witch Doctor Training | 2 | |
| Berserker Strength | 1 | |
| Envenomed Spears | 0 | |
| War Drums Damage Increase | 1 | |
9 total
» buildings
| Altar of Storms | 1 | |
| Orc Burrow | 6 | |
| Barracks | 1 | |
| War Mill | 1 | |
| Watch Tower | 1 | |
| Stronghold | 1 | |
| Spirit Lodge | 2 | |
| Fortress | 1 | |
| Beastiary | 1 | |
| Great Hall | 1 | |
16 total
» build order
00:13 Altar of Storms
00:29 Orc Burrow
01:34 Barracks
01:48 Orc Burrow
03:58 Orc Burrow
04:21 War Mill
05:46 Watch Tower
06:16 Stronghold
06:25 Orc Burrow
08:59 Spirit Lodge
09:31 Spirit Lodge
11:27 Fortress
12:19 Orc Burrow
12:49 Beastiary
14:01 Orc Burrow
18:52 Great Hall
» items

»
loumeror (
purple | 73 APM | 1624 actions | 22:16)
2 Blademaster
1 Wind Walk
1 Critical Strike
» actions
| Assign group hotkey | 22 | |
| Basic commands | 93 | |
| Build / train | 68 | |
| Enter build submenu | 26 | |
| Enter hero's abilities submenu | 2 | |
| Right click | 617 | |
| Select / deselect | 213 | |
| Select group hotkey | 546 | |
| Use ability | 37 | |
1624 total
» units
| Peon | 25 | |
| Grunt | 6 | |
| Demolisher | 7 | |
| Tauren | 17 | |
55 total
» upgrades
| Berserker Strength | 1 | |
| Burning Oil | 1 | |
| Pulverize | 1 | |
| Melee Weapons | 2 | |
| Armor | 1 | |
6 total
» buildings
| Altar of Storms | 1 | |
| Orc Burrow | 8 | |
| Barracks | 1 | |
| Voodoo Lounge | 1 | |
| Stronghold | 1 | |
| War Mill | 2 | |
| Watch Tower | 5 | |
| Fortress | 1 | |
| Tauren Totem | 2 | |
| Great Hall | 1 | |
23 total
» build order
00:04 Altar of Storms
00:06 Orc Burrow
00:44 Barracks
01:34 Orc Burrow
02:11 Voodoo Lounge
02:59 Stronghold
03:13 Orc Burrow
03:33 War Mill
04:21 War Mill
04:46 Watch Tower
05:47 Fortress
06:09 Orc Burrow
06:56 Orc Burrow
08:27 Tauren Totem
09:09 Tauren Totem
12:00 Orc Burrow
12:02 Orc Burrow
14:04 Orc Burrow
16:13 Great Hall
18:40 Watch Tower
19:39 Watch Tower
19:42 Watch Tower
19:52 Watch Tower
» items
| Healing Salve | 1 | |
| Scroll of Speed | 1 | |
2 total

»
OrselanGringe (
pink | 69 APM | 1533 actions | 22:15)
4 Keeper of the Grove
2 Entangling Roots
2 Force of Nature
» actions
| Assign group hotkey | 20 | |
| Build / train | 66 | |
| Enter build submenu | 18 | |
| Enter hero's abilities submenu | 4 | |
| Right click | 826 | |
| Select / deselect | 257 | |
| Select group hotkey | 294 | |
| Use ability | 48 | |
1533 total
» units
» upgrades
» buildings
| Altar of Elders | 1 | |
| Moon Well | 8 | |
| Ancient of War | 2 | |
| Tree of Ages | 3 | |
| Tree of Eternity | 1 | |
| Ancient of Wind | 1 | |
| Chimaera Roost | 4 | |
| Tree of Life | 1 | |
21 total
» build order
00:09 Altar of Elders
00:15 Moon Well
01:09 Ancient of War
01:36 Ancient of War
01:56 Moon Well
04:10 Moon Well
05:30 Moon Well
06:00 Tree of Ages
06:00 Tree of Ages
08:24 Tree of Eternity
09:04 Ancient of Wind
11:02 Chimaera Roost
11:07 Chimaera Roost
11:12 Chimaera Roost
11:23 Chimaera Roost
12:36 Moon Well
13:29 Moon Well
13:59 Moon Well
15:03 Moon Well
18:49 Tree of Life
Chat log
(00:32 / All) iggy_the_fisk: oui my liege
(01:05 / All) bearand: hi guys
(01:12 / All) loumeror: hi nnobs
(01:16 / All) loumeror: noobs
(09:30 / All) iggy_the_fisk: idiota
(20:18 / All) OrselanGringe: thats sucks hard :/
(20:21 / All) bearand: like u
(20:36 / All) OrselanGringe: not funny :/
(20:41 / All) bearand: yes funny
(22:20 / All) bearand: lmao